 Dungeon Crawl Stone Soup version 0.25-a0-634-gd1561dc703 (webtiles) character file.

Game seed: 2887242173667667086, levelgen mode: deterministic

37 Glundar the Shield-Bearer (level 3, 0/29 HPs)
             Began as a Demonspawn Fighter on Mar 20, 2020.
             Killed from afar by Natasha (5 damage)
             ... with a magic dart
             ... on level 2 of the Dungeon.
             The game lasted 00:03:56 (952 turns).

Glundar the Shield-Bearer (Demonspawn Fighter)       Turns: 952, Time: 00:03:56

Health: 0/29       AC:  6    Str: 17    XL:     3   Next: 23%
Magic:  3/3        EV:  7    Int:  9    God:
Gold:   95         SH: 13    Dex: 12    Spells: 2/2 levels left

rFire    . . .     SeeInvis .   a - +0 war axe
rCold    . . .     Gourm    .   c - +0 kite shield
rNeg     . . .     Faith    .   b - +0 scale mail
rPois    .         Spirit   .   (no helmet)
rElec    .         Reflect  .   (no cloak)
rCorr    .         Harm     .   (no gloves)
MR       .....                  (no boots)
Stlth    ..........             (no amulet)
HPRegen  0.09/turn              (no ring)
MPRegen  0.08/turn              (no ring)

@: slowed, very slow
A: large bone plates 1
a: no special abilities


You were on level 2 of the Dungeon.
You were not hungry.

You visited 1 branch of the dungeon, and saw 2 of its levels.

You collected 95 gold pieces.

Inventory:

Hand Weapons
 a - a +0 war axe (weapon)
Missiles
 k - 8 stones (quivered)
Armour
 b - a +0 scale mail (worn)
 c - a +0 kite shield (worn)
Jewellery
 p - an uncursed amulet of the gourmand {unknown}
Wands
 q - a wand of flame (17)
Scrolls
 e - 2 scrolls of fear {unknown}
 g - 2 scrolls of remove curse {unknown}
 i - a scroll of amnesia {unknown}
 l - 3 scrolls of identify {unknown}
 n - a scroll of magic mapping {unknown}
 o - a scroll of teleportation {unknown}
Potions
 d - a potion of might
 h - a potion of lignification {unknown}
 j - a potion of degeneration {unknown}
Comestibles
 f - 2 rations
 m - 10 chunks of flesh


   Skills:
 + Level 3.2 Fighting
 + Level 2.1 Axes
 + Level 3.0 Armour
 + Level 3.3 Shields


You had 2 spell levels left.
You didn't know any spells.
Your spell library was empty.

Dungeon Overview and Level Annotations

Branches:
Dungeon (2/15)

Altars:
Ashenzari

Annotations:
D:2 Natasha


Innate Abilities, Weirdness & Mutations

You are partially covered in large bone plates. (SH +4)


Message History

The white imp gestures at you. The puff of frost hits you.
* * * LOW HITPOINT WARNING * * *
Natasha stares at you and mumbles some strange words.
You feel as though you will be slow longer.
You closely miss Natasha.
Natasha is heavily wounded.
You closely miss the white imp.
The white imp hits you but does no damage.
Natasha mumbles some strange words.
You block the white imp's attack.
You slash Natasha!
Natasha is almost dead.
You completely miss the white imp. Natasha barely misses you.
You block the white imp's attack. Natasha claws you.
* * * LOW HITPOINT WARNING * * *
You block the white imp's attack. Natasha casts a spell at you.
The magic dart hits you.
You die...

... .....# #..##.....#.
##........... .#. ##
...........# #####
#..##..........# #...
....#........# ._.
...#†5...... ...###
#.#@h.....# ####.###
#..5.....##
.#.#....######....##..#
##.##......#......# .#
#...#......#.###...#
#...##.....#.###.#....
.....#.....#.......... #
.....#........##.#..#.. ..
.............###...##......


You could see Natasha and 2 white imps.

Vanquished Creatures
  A worm (D:2)
  2 dart slugs (D:2)
  5 bats
  2 giant cockroaches
  A goblin (D:1)
  3 hobgoblins
  3 kobolds
  2 quokkas (D:2)
  2 frilled lizards (D:2)
  10 rats
31 creatures vanquished.

Vanquished Creatures (others)
  A bat (D:2)
1 creature vanquished.

Grand Total: 32 creatures vanquished

Notes
Turn   | Place    | Note
-------+----------+-------------------------------------------
     0 | D:1      | Glundar the Demonspawn Fighter began the quest for the Orb.
     0 | D:1      | Reached XP level 1. HP: 18/18 MP: 1/1
   197 | D:1      | Gained mutation: You are partially covered in large bone
                  | plates. (SH +4) [demonic ancestry]
   197 | D:1      | Reached XP level 2. HP: 23/24 MP: 2/2
   800 | D:2      | Found a shattered altar of Ashenzari.
   885 | D:2      | Reached XP level 3. HP: 29/29 MP: 3/3
   942 | D:2      | Noticed Natasha
   952 | D:2      | Killed from afar by Natasha

Levels and vault maps discovered:
D:1:      lightli_arrival_lavapool, layout_basic
D:2:      layout_rooms, nicolae_ashenzari_panopticon, marbit_many_paths,
          zin_treasury, lemuel_statue_altar, uniq_natasha

Skill      XL: |  1  2  3 |
---------------+----------+-----
Shields        | 3 |  3.3
Axes           | 2 |  2.1
Armour         | 3 |  3.0
Fighting       | |  3.2

Action                   || total
-------------------------++-------
Melee: War axe           ||    86
Armor: Scale mail        ||    56
Dodge: Dodged            ||    22
Block: Kite shield       ||    77

Table legend:
 A = Non-vault XP
 B = Vault XP
 C = Vault XP percentage of total XP
 D = Non-vault monster count
 E = Vault monster count
 F = Vault count percentage of total count
                 A         B        C        D         E       F
            +---------+---------+-------+---------+---------+-------
      Total |      54 |       0 |   0.0 |      31 |       0 |   0.0
            +---------+---------+-------+---------+---------+-------
        D:1 |      22 |       0 |   0.0 |      14 |       0 |   0.0
        D:2 |      32 |       0 |   0.0 |      17 |       0 |   0.0
            +---------+---------+-------+---------+---------+-------
